 Dungeon Crawl Stone Soup version 0.29-a0-728-g6bb282b620 (webtiles) character file.

Game seed: 5053984867048443294

3277 Essalna the Thaumaturge (level 10, -28/60 HPs)
             Began as a Djinni Conjurer on June 29, 2022.
             Was an Initiate of Makhleb.
             Annihilated by a boulder beetle (61 damage)
             ... on level 7 of the Dungeon.
             The game lasted 00:13:08 (8174 turns).

Essalna the Thaumaturge (Djinni Conjurer)           Turns: 8174, Time: 00:13:09

Health: -28/60     AC:  2    Str:  6    XL:     10   Next: 20%
Gold:   180        EV: 12    Int: 23    God:    Makhleb [......] SH:  0 Dex: 13

rFire   + + +      SeeInvis .   C - +2 spear (freeze)
rCold   + . .      Faith    .   (no shield)
rNeg    . . .      Spirit   .   i - +0 robe {rC+ rF+}
rPois   ∞          Reflect  .   (no helmet)
rElec   .          Harm     .   (no cloak)
rCorr   .          Rampage  .   (no gloves)
Will    +....                   (boots unavailable)
Stlth   ++........              (no amulet)
HPRegen 0.20/turn               k - ring of wizardry
MPRegen 0.00/turn               u - ring of protection from cold

@: flying
A: sickness immunity, fire resistance 2, cold vulnerability 1, float, innate
caster, HP casting, extra vitality 1
a: Renounce Religion


You were on level 7 of the Dungeon.
You worshipped Makhleb.
Makhleb was noncommittal.
You visited 2 branches of the dungeon, and saw 8 of its levels.

You collected 180 gold pieces.

Inventory:

Hand Weapons
 A - a +1 vorpal flail
 C - a +2 spear of freezing (weapon)
Missiles
 y - a throwing net
Armour
 a - a +0 robe
 i - a +0 robe of resistance (worn)
Jewellery
 k - a ring of wizardry (left hand)
 u - a ring of protection from cold (right hand)
 D - a ring of protection from cold
Wands
 w - a wand of flame (45)
Scrolls
 b - 3 scrolls of teleportation {unknown}
 c - 2 scrolls of fear {unknown}
 d - 5 scrolls of identify {unknown}
 e - 3 scrolls of noise {unknown}
 g - 4 scrolls of fog {unknown}
 h - a scroll of blinking {unknown}
 m - 3 scrolls of poison {unknown}
 o - a scroll of summoning {unknown}
 s - a scroll of amnesia {unknown}
 t - a scroll of enchant armour {unknown}
Potions
 f - 2 potions of heal wounds {unknown}
 j - 5 potions of curing {unknown}
 l - a potion of flight {unknown}
 n - a potion of attraction {unknown}
 p - 2 potions of brilliance {unknown}
 q - 2 potions of ambrosia {unknown}
 r - a potion of haste {unknown}
 v - a potion of might {unknown}
 x - 2 potions of mutation {unknown}
 z - a potion of lignification {unknown}
 B - a potion of degeneration {unknown}


   Skills:
 - Level 2.1 Dodging
 - Level 1.5 Stealth
 + Level 11.1 Spellcasting


You had 7 spell levels left.
You knew the following spells:

 Your Spells              Type           Power      Damage    Failure   Level
a - Magic Dart            Conj           100%       1d8       1%          1
b - Searing Ray           Conj           100%       2d8       1%          2
c - Dazzling Flash        Conj/Hex       100%       N/A       1%          3
d - Fulminant Prism       Conj/Hex       29%        3d14      1%          4
e - Iskenderun's Mystic   Conj/Tloc      59%        2d12      1%          4
f - Freeze                Ice            100%       1d11      1%          1
g - Scorch                Fire           100%       2d10      1%          2
h - Portal Projectile     Hex/Tloc       100%       N/A       1%          3
i - Hailstorm             Conj/Ice       59%        3d13      1%          4
Your spell library was empty.

Dungeon Overview and Level Annotations

Branches:
Dungeon (7/15)             Temple (1/1) D:6

Altars:
Ashenzari
Cheibriados
Dithmenos
Elyvilon
Gozag
Kikubaaqudgha
Makhleb
Nemelex Xobeh
Okawaru
Qazlal
Ru
Sif Muna
Trog
Vehumet
Wu Jian
Yredelemnul
Zin
The Shining One


Innate Abilities, Weirdness & Mutations

You are immune to sickness and miasma.
You are immune to poison.
Your flesh is very heat resistant. (rF++)
You are vulnerable to cold. (rC-)
You float through the air rather than walking.
You learn spells naturally, not from books.
Your magical power is your life essence.
You have superior vitality. (+4 MHP)


Message History

The boulder beetle stops rolling and uncurls.
Casting: Searing Ray (safe; 1% risk of failure)
Confirm with . or Enter, or press ? or * to list all spells.
You erupt in a blast of force!
The mystic blast hits the boulder beetle.
The boulder beetle is lightly wounded.
The boulder beetle is knocked back by the mystic blast.
The black bear growls angrily.
Casting: Iskenderun's Mystic Blast (safe; 1% risk of failure)
Confirm with . or Enter, or press ? or * to list all spells.
You erupt in a blast of force!
The mystic blast hits the boulder beetle!
The boulder beetle is moderately wounded.
The boulder beetle is knocked back by the mystic blast.
You hear a shout!
Casting: Iskenderun's Mystic Blast (safe; 1% risk of failure)
Confirm with . or Enter, or press ? or * to list all spells.
You erupt in a blast of force!
The mystic blast hits the black bear!
The black bear is heavily wounded.
The black bear is knocked back by the mystic blast.
Casting: Iskenderun's Mystic Blast (safe; 1% risk of failure)
Confirm with . or Enter, or press ? or * to list all spells.
You erupt in a blast of force!
The mystic blast hits the boulder beetle.
The boulder beetle is moderately wounded.
The boulder beetle is knocked back by the mystic blast.
Casting: Iskenderun's Mystic Blast (safe; 1% risk of failure)
Confirm with . or Enter, or press ? or * to list all spells.
You erupt in a blast of force!
The mystic blast hits the black bear!
You kill the black bear!
Makhleb accepts your kill.
The boulder beetle curls into a ball and begins rolling!
Casting: Iskenderun's Mystic Blast (safe; 1% risk of failure)
Confirm with . or Enter, or press ? or * to list all spells.
You erupt in a blast of force!
The mystic blast hits the boulder beetle but does no damage.
The boulder beetle is moderately wounded.
The boulder beetle hits you!!!
Ouch! That really hurt!
You die...

#..# .##.. #..# #..#
########....# #).. #..#
#........... #... #..#
#......[..# #.).
##.#######.........# ###.
#.#....##...<.....#######.
#....#.##.....(.......B...
#..#...##....).....#######
#..###...@†........# #
##.. #...B.........#######
#.#...#.○o...............
#.##...°..........######.
#.###...............)....
#.##..###.............o.#
...## ##...........##..
#... #...........###. #..
#.................


You could see a boulder beetle (rolling) and an orc.

Vanquished Creatures
  Sigmund (D:2)
  A wyvern (D:7)
  2 water moccasins (D:7)
  A black bear (D:7)
  An orc warrior (D:7)
  3 ice beasts
  3 ogres
  A centaur (D:6)
  A phantom (D:6)
  A kobold brigand (D:6)
  A gnoll sergeant (D:6)
  5 bullfrogs
  4 necrophages
  A scorpion (D:6)
  4 wights (D:6)
  3 howler monkeys (D:7)
  2 jellies
  2 hounds
  5 iguanas
  A gnoll shaman (D:5)
  Ijyb (D:5)
  Natasha (thrice) (D:2)
  8 orc wizards
  5 adders
  7 gnolls
  2 shadow imps (D:6)
  2 worms
  A dart slug (D:1)
  23 orcs
  7 endoplasms
  3 giant cockroaches
  3 goblins
  5 hobgoblins
  2 jackals (D:1)
  13 kobolds
  3 quokkas
  3 ball pythons
  7 bats
  A frilled lizard (D:2)
  6 rats
148 creatures vanquished.

Vanquished Creatures (others)
  14 fungi (D:3)
  11 plants (D:3)
25 creatures vanquished.

Grand Total: 173 creatures vanquished

Notes
Turn   | Place    | Note
-------+----------+-------------------------------------------
     0 | D:1      | Essalna the Djinni Conjurer began the quest for the Orb.
     0 | D:1      | Essalna set off with the following spells memorised: Magic
                  | Dart, Searing Ray, Dazzling Flash, Fulminant Prism,
                  | Iskenderun's Mystic Blast.
     0 | D:1      | Reached XP level 1. HP: 15/15 MP: 0/0
   214 | D:1      | Reached XP level 2. HP: 20/21 MP: 0/0
   756 | D:1      | Reached XP level 3. HP: 19/25 MP: 0/0
   756 | D:1      | Learned a level 1 spell: Freeze
   873 | D:2      | Found a faded altar of an unknown god.
   886 | D:2      | Noticed Sigmund
   899 | D:2      | Killed Sigmund
   900 | D:2      | Reached skill level 5 in Spellcasting
   900 | D:2      | Reached XP level 4. HP: 22/31 MP: 0/0
   900 | D:2      | Reached XP level 5. HP: 25/35 MP: 0/0
   900 | D:2      | Learned a level 2 spell: Scorch
   900 | D:2      | Reached XP level 6. HP: 29/40 MP: 0/0
  1126 | D:2      | Noticed Natasha
  1129 | D:2      | Killed Natasha
  1535 | D:2      | Noticed Natasha
  1538 | D:2      | Killed Natasha
  1549 | D:2      | Noticed Natasha
  1554 | D:2      | Killed Natasha
  2071 | D:3      | Found a shadowy altar of Dithmenos.
  2330 | D:3      | Noticed an ogre
  2340 | D:3      | Killed an ogre
  2341 | D:3      | Reached skill level 6 in Spellcasting
  2341 | D:3      | Reached XP level 7. HP: 1/45 MP: 0/0
  2341 | D:3      | Learned a level 3 spell: Portal Projectile
  3453 | D:4      | Found a sacrificial altar of Ru.
  4208 | D:4      | Found a basalt altar of Yredelemnul.
  4216 | D:4      | Reached skill level 7 in Spellcasting
  4216 | D:4      | Reached XP level 8. HP: 41/50 MP: 0/0
  4295 | D:5      | Entered Level 5 of the Dungeon
  4307 | D:5      | Noticed Ijyb
  4539 | D:5      | Found a broken altar of Ashenzari.
  4559 | D:5      | Killed Ijyb
  4876 | D:5      | Reached skill level 8 in Spellcasting
  5796 | D:6      | Reached XP level 9. HP: 51/55 MP: 0/0
  5796 | D:6      | Learned a level 4 spell: Hailstorm
  5841 | D:6      | Reached skill level 9 in Spellcasting
  6494 | D:6      | Identified the +1 ring mail "Duugoybb" {Str+2 SInv}
  6592 | D:6      | Found a staircase to the Ecumenical Temple.
  6598 | Temple   | Entered the Ecumenical Temple
  6764 | Temple   | Became a worshipper of Makhleb the Destroyer
  7102 | D:6      | Reached skill level 10 in Spellcasting
  7198 | D:6      | Found an ornate altar of the Wu Jian Council.
  7654 | D:7      | Noticed a boulder beetle
  7656 | D:7      | Reached XP level 10. HP: 14/60 MP: 0/0
  8019 | D:7      | Reached skill level 11 in Spellcasting
  8174 | D:7      | Annihilated by a boulder beetle

Illustrated notes

Levels and vault maps discovered:
D:1:      giann_horns, layout_rooms
D:2:      layout_loops_ring, basic_ecumenical_altar, minmay_split_cup_large,
          uniq_natasha, uniq_sigmund
D:3:      layout_basic, mainiacjoe_overflow_cross_hatched,
          nicolae_dithmenos_shadow_blocks, serial_bayou, serial_bayou_shore_a,
          serial_bayou_shore_b, serial_bayou_ford_a, serial_bayou_crossing,
          serial_bayou_shore_b, serial_bayou_pond_a, kennysheep_generic_room_13
D:4:      layout_loops_ring, lemuel_round_altar, yredelemnul_altar_generic
D:5:      layout_loops_ring, fiery_altar_vehumet,
          nicolae_overflow_crystal_walls, uniq_ijyb
D:6:      nicolae_cairo_tiling_very_big, layout_basic,
          pdpol_wu_jian_five_deadly_venoms, minmay_temple_entry_hall,
          hangedman_minor_gate_pass
D:7:      layout_rooms
Temple:   chequers_temple_sunken

Skill      XL: |  1  2  3  4  5  6  7  8  9 10 |
---------------+-------------------------------+-----
Spellcasting   | 5 6 7 8 10 11 | 11.1
Dodging        | |  2.1
Stealth        | |  1.5

Action                   |  1- 3 |  4- 6 |  7- 9 | 10-12 || total
-------------------------+-------+-------+-------+-------++-------
Melee: Flail             |       |       |     4 |       ||     4
       Spear             |       |       |     1 |       ||     1
 Cast: Magic Dart        |    34 |    72 |    96 |     8 ||   210
       Searing Ray       |     2 |     4 |    32 |     1 ||    39
       Iskenderun's Myst |       |     3 |    30 |    13 ||    46
       Hailstorm         |       |       |     4 |       ||     4
Armor: Robe              |       |       |     3 |     2 ||     5
Dodge: Dodged            |     1 |     4 |    23 |     6 ||    34

Table legend: (Time is in decaauts)
 A = Elapsed time spent in this place.
 B = Non-inter-level travel time spent in this place.
 C = Inter-level travel time spent in this place.
 D = Time resting spent in this place.
 E = Time spent auto-exploring this place.
 F = Levels seen in this place.
 G = Mean time per level.
                   A        B        C        D        E       F      G
               +--------+--------+--------+--------+--------+-----+--------+
         Total |   8173 |   7934 |    239 |      0 |   7103 |   8 | 1021.6 |
       Dungeon |   8000 |   7766 |    234 |      0 |   6965 |   7 | 1142.9 |
        Temple |    172 |    167 |      5 |      0 |    138 |   1 |  172.0 |
               +--------+--------+--------+--------+--------+-----+--------+

Top non-repeatable levels by time:
     D:6: 2264 daAuts
     D:3: 1338 daAuts
     D:4: 1223 daAuts
     D:2: 1080 daAuts
     D:5: 1006 daAuts
     D:1: 866 daAuts
     D:7: 220 daAuts
  Temple: 172 daAuts
